Cogmind - Beta 14 @@@ ROGUE MODE // 2024.10.30 @ 16:36:27 Player: Flawless Result: Destroyed by G-47 Trooper with Particle Gun Performance ------------- Evolutions (0) 0 Regions Visited (1) 200 Robots Destroyed (2) 10 Value Destroyed (50) 50 Prototype IDs (0) 0 Alien Tech Used (0) 0 Bonus (0) 0 TOTAL SCORE: 260 Bonus ------- None Cogmind --------- Core Integrity 0/250 Matter 222/300 Energy 100/100 System Corruption 0% Temperature Cool (9) Movement Core (1350) Ox26 Location -10/Materials Parts ------- > --- POWER (1) -------- (None) > --- PROPULSION (2) --- (None) > --- UTILITY (2) ------ Huge Storage Unit > --- WEAPON (2) ------- (None) > --- INVENTORY (25) --- Hardened Light Armor Plating Hardened Light Armor Plating Grenade Launcher Rocket Launcher Rocket Launcher Plasma Cutter Plasma Cutter Peak State ------------ > --- POWER ------------ Ion Engine > --- PROPULSION ------- Wheel Wheel > --- UTILITY ---------- Huge Storage Unit Hardened Light Armor Plating > --- WEAPON ----------- EM Pulse Gun EM Pulse Gun > --- INVENTORY -------- Heat Sink Hardened Light Armor Plating Light Assault Rifle Grenade Launcher Rocket Launcher Rocket Launcher Plasma Cutter Plasma Cutter [Rating: 9] Favorites ----------- Power Ion Engine Engine Ion Engine Propulsion Wheel Wheel Wheel Utility Huge Storage Unit Device Heat Sink Storage Huge Storage Unit Protection Hardened Light Armor Plating Weapon EM Pulse Gun Energy Gun EM Pulse Gun Ballistic Gun Light Assault Rifle Special Weapon Plasma Cutter Build | -11 -10 ------- Run | Yrd Mat Slots Evolved . | . . Power . | . . Propulsion . | . . Utility . | . . Weapon . | . . Parts Attached 17 | 7 10 Power 2 | 2 . Engine 2 | 2 . Core . | . . Reactor . | . . Propulsion 2 | 2 . Treads . | . . Leg . | . . Wheel 2 | 2 . Hover . | . . Flight . | . . Utility 8 | 1 7 Device 5 | 1 4 Storage 2 | . 2 Processor . | . . Hackware . | . . Protection 1 | . 1 Artifact . | . . Weapon 5 | 2 3 Energy Gun 3 | 2 1 Energy Cannon . | . . Ballistic Gun 1 | . 1 Ballistic Cannon . | . . Launcher . | . . Special Weapon 1 | . 1 Impact Weapon . | . . Slashing Weapon . | . . Piercing Weapon . | . . Special Melee Weapon . | . . Unidentified Prototypes . | . . Parts Lost 7 | . 7 Power 1 | . 1 Propulsion 2 | . 2 Utility 1 | . 1 Weapon 3 | . 3 Highest Loss Streak 7 | . 7 To Critical Strikes . | . . Average Slot Usage (%) 90 | . 90 Engine 12 | . 12 Wheel 26 | . 26 Device 10 | . 10 Storage 12 | . 12 Energy Gun 19 | . 19 Ballistic Gun 1 | . 1 Special Weapon 4 | . 4 Peak Build Rating 9 | 6 9 Average Rating 6 | 2 7 On Entrance 3 | . 6 Naked Turns . | . . Heaviest Build 94 | 10 94 Greatest Support 20 | 20 20 Greatest Overweight (x) 27 | . 27 Average Overweight (x) 1 | . 1 Largest Inventory Capacity 25 | 5 25 Average Capacity 15 | 5 17 Most Carried 10 | 3 10 Average Carried 6 | 1 7 Final Capacity 25 | 5 25 Final Carried 7 | 1 7 Class Distribution -------------------- 100% | Mutant Dominant Class ---------------- Mutant | -10/Materials Resources | -11 -10 ----------- Run | Yrd Mat Matter Collected 268 | 250 18 Remotely . | . . Salvage Created 50 | 32 18 Parts 6 | 2 4 Haulers Intercepted . | . . Recyclers Shooed . | . . Parts Field Recycled . | . . Retrieved Matter . | . . Parts Self-Destructed . | . . Prevented . | . . Kills | -11 -10 ------- Run | Yrd Mat Combat Hostiles Destroyed 1 | 1 . Guns 1 | 1 . Classes Destroyed 2 | 1 1 Watcher 1 | . 1 Grunt 1 | 1 . Best Kill Streak 1 | 1 1 Combat Bots Only 1 | 1 . Max Kills in Single Turn 1 | 1 1 Gunslinging . | . . Exploded . | . . Melee . | . . Uniques/NPCs Destroyed . | . . Combat | -11 -10 -------- Run | Yrd Mat Hostile Shots Fired 60 | 2 58 Missed 10 | . 10 Damage Taken 638 | 22 616 Core 262 | . 262 Absorbed by Shields . | . . Core Remaining (%) 100 | 100 . Volleys Fired 16 | 1 15 Largest 2 | 2 2 Hottest 80 | 80 80 Shots Fired 19 | 2 17 Gun 18 | 2 16 Cannon . | . . Launcher . | . . Special 1 | . 1 Kinetic 11 | . 11 Thermal 1 | . 1 Explosive . | . . Electromagnetic 7 | 2 5 Robot Hit Streak 4 | 1 4 Robot Miss Streak 1 | . 1 Penetration Max . | . . Secondary Targets . | . . Shots Hit Robots 13 | 1 12 Core Hits 4 | 1 3 Critical Kills . | . . Critical Parts Destroyed . | . . Critical Strikes 1 | . 1 Corrupt 1 | . 1 Melee Attacks . | . . Impact . | . . Slashing . | . . Piercing . | . . Sneak Attacks . | . . Combat Hostiles . | . . Follow-up Attacks . | . . Damage Inflicted 142 | 15 127 Guns 142 | 15 127 Cannons . | . . Explosions . | . . Melee . | . . Ramming . | . . Kinetic 64 | . 64 Thermal . | . . Explosive . | . . Electromagnetic 78 | 15 63 Impact . | . . Slashing . | . . Piercing . | . . Highest Corruption . | . . Average Corruption . | . . Corruption Purged . | . . Corruption Blocked . | . . Overload Shots . | . . Overflow Damage . | . . Projectiles . | . . Explosions . | . . Melee . | . . Knockbacks . | . . Impact . | . . Kinetic . | . . Secondary . | . . Self-Inflicted Damage . | . . Shots . | . . Rammed . | . . Targets Rammed . | . . Kicked . | . . Crushed . | . . Highest Temperature 18 | 18 18 Average Temperature 9 | 12 8 Received Heat Transfer 411 | 12 399 Siege Activations . | . . Robots Corrupted . | . . Combat Hostiles . | . . Parts Fried . | . . Impact Corruptions . | . . Robots Melted . | . . Combat Hostiles . | . . Parts Melted . | . . Heat Transferred . | . . Parts Sabotaged . | . . Parts Stolen . | . . Parts Stripped . | . . Power Chain Reactions . | . . Alert | -11 -10 ------- Run | Yrd Mat Peak Influence 24 | 20 24 Initial 13 | . 13 Average 13 | 4 15 Maximum Alert Level . | . . Low Security (%) 100 | 100 100 Level 1 . | . . Level 2 . | . . Level 3 . | . . Level 4 . | . . Level 5 . | . . High Security . | . . Max Security . | . . Squads Dispatched . | . . Investigation . | . . Extermination . | . . Reinforcement . | . . Assault . | . . Garrison . | . . Intercept . | . . Searches Triggered . | . . Construction Impeded . | . . Haulers Reinforced . | . . Active Scanning Responses . | . . Cargo Convoy Interrupts . | . . Stealth | -11 -10 --------- Run | Yrd Mat Distress Signals . | . . Communications Jammed . | . . Distress Signals . | . . Times Spotted 6 | 1 5 Peak Tracking Total 3 | 1 3 Tactical Retreats . | . . Traps | -11 -10 ------- Run | Yrd Mat Traps Triggered 1 | . 1 Indirectly . | . . Trap Hack Attempts . | . . Triggered . | . . Disarmed . | . . Reprogrammed . | . . Reused . | . . Traps Extracted . | . . Installed . | . . Triggered . | . . Machines | -11 -10 ---------- Run | Yrd Mat Machines Disabled . | . . Max in Single Turn . | . . Machines Repaired . | . . Machines Dismantled . | . . Machines Sabotaged . | . . Overloaded Fab Kills . | . . Hacking | -11 -10 --------- Run | Yrd Mat Machines Accessed 1 | . 1 Terminals 1 | . 1 Fabricators . | . . Repair Stations . | . . Recycling Units . | . . Scanalyzers . | . . Garrison Access . | . . Total Hacks 3 | . 3 Successful 2 | . 2 Failed 1 | . 1 Catastrophic . | . . Database Lockouts . | . . Manual . | . . Terminals 3 | . 3 Fabricators . | . . Repair Stations . | . . Recycling Units . | . . Scanalyzers . | . . Garrison Access . | . . Terminal Hacks 2 | . 2 Record 2 | . 2 Fabricator Hacks . | . . Repair Station Hacks . | . . Recycling Unit Hacks . | . . Scanalyzer . | . . Garrison Access Hacks . | . . Unauthorized Hacks . | . . Terminals . | . . Fabricators . | . . Repair Stations . | . . Recycling Units . | . . Scanalyzers . | . . Garrison Access . | . . Data Cores Recovered . | . . Used . | . . Hacking Detections . | . . Full Trace Events . | . . Feedback Events . | . . Feedback Blocked . | . . Robot Schematics Acquired . | . . Robots Built . | . . Authchips . | . . Time . | . . Total Robot Build Rating . | . . Part Schematics Acquired . | . . Parts Built . | . . Authchips . | . . Time . | . . Total Part Build Rating . | . . Parts Repaired . | . . Time . | . . Parts Recycled . | . . Recycled Matter . | . . Retrieved Matter . | . . Retrieved Components . | . . Parts Scanalyzed . | . . Part Schematics Acquired . | . . Parts Damaged . | . . Bothacking | -11 -10 ------------ Run | Yrd Mat Used RIF Installer . | . . Robots Hacked . | . . Non-combat . | . . Combat . | . . Robot Hacks Applied . | . . Relay Couplers Released . | . . Fabnet Peak Effective % . | . . Robots Rewired . | . . Allies Hacked . | . . Hacks Repelled . | . . Allies | -11 -10 -------- Run | Yrd Mat Total Allies . | . . Largest Group . | . . Highest-Rated Group . | . . Highest-Rated Ally . | . . Total Orders . | . . Ally Attacks . | . . Total Damage . | . . Kills . | . . Allies Corrupted . | . . Allies Melted . | . . Intel | -11 -10 ------- Run | Yrd Mat Robot Analysis Total . | . . Derelict Logs Recovered . | . . Drone Launches . | . . Drone Recoveries . | . . Exploration | -11 -10 ------------- Run | Yrd Mat Turns Passed 489 | 81 408 Spaces Moved 394 | 82 312 Core 29 | 28 1 Treads . | . . Legs . | . . Wheels 365 | 54 311 Hover . | . . Flight . | . . Fastest Speed 50 | 50 80 Average Speed 98 | 69 105 Slowest Speed 1400 | 80 1400 Overloaded Moves . | . . Propulsion Burnouts . | . . Robots Hopped . | . . Cave-ins Triggered . | . . Exploration Rate (%) 28 | 9 47 Regions Visited 1 Branch Regions . Pre-discovered Areas . | . . Known Exits Taken . | . . Unknown Exits Taken 1 | 1 . Scrap Searched . | . . Spaces Dug . | . . Terrain Destroyed . | . . Melee . | . . Projectile . | . . AOE . | . . Terrain Rammed . | . . Walls Destroyed . | . . Machines Disabled . | . . Actions | -11 -10 --------- Run | Yrd Mat Total 477 | 103 374 Wait 22 | 5 17 Move 393 | 81 312 Hop . | . . Pick Up 22 | 8 14 Fast Attach . | . . Attach 13 | 6 7 Detach 1 | . 1 Swap 4 | 1 3 Drop 5 | 1 4 Fire 16 | 1 15 Melee . | . . Ram . | . . Kick . | . . Crush . | . . Escape Stasis . | . . Rewire . | . . Trap . | . . Miscellaneous 1 | . 1 Route ------- -11/Scrapyard -10/Materials History --------- Turn | Location | Event 2 | -11/Scrapyard | Met Revision 17 59 | -11/Scrapyard | Discovered new exit (range 8) 82 | -11/Scrapyard | Entered Materials 318 | -10/Materials | Build established: Mutant 478 | -10/Materials | Core integrity fell below 50% 486 | -10/Materials | Core integrity fell below 20% 490 | -10/Materials | Destroyed by G-47 Trooper with Particle Gun Last Messages --------------- R-06 Scavenger collects Sensor Array. R-06 Scavenger collects Corrupted Lgt. Ion Engine. R-06 Scavenger inserts Sensor Array into recycling unit. R-06 Scavenger collects Hover Unit. EM Pulse Gun destroyed. G-47 Trooper misfires. EM Pulse Gun destroyed. G-47 Trooper IFF system glitched. Wheel destroyed. Ion Engine destroyed. Critical hit (Burn: +37). G-47 Trooper misfires. Wheel destroyed. G-47 Trooper IFF system glitched. Heat Sink destroyed. Critical hit (Burn: +37). M-13 Machinist repairs G-47 Trooper. Lgt. Assault Rifle destroyed. Map ----- +----------------------------------------------------+ | | | ??????????????????????????????????????????? | | ??????????????????????????????????????????? | | ???##########?????########??????########??? | | ???##########????##########?????########### | | ???##] ! |##????###!!! ###?????## ##### | | ???## ]! |########! !##?????## # # | | ???## ######## ######### # # | | ???###### ### # ######### # # | | ???###### # + # | | ???????## T + # | | ???????####+## #######+#####+## # | | ??????? ##+####### ## # # | | ?????????? # ??# ## # # | | ????????? ! # """ ???# ####### # | | ????????? # """ R"# ####### # | | ???????? # """ """# #????## # | | ???????? """ # # """" #????## # | | ??????? """ # ""??= # """" #????## # | | ??????? """ # ?????? # """" #????## # | | ????? # ?????? ###########????## # | | ?##??######+## ?????? ##########?????## # | | ?? # ##########???????????????## # | | ???""" # g #????#########??## + | | ????"" + m g #?? #??## # | | ????"" # g @ # #??## # | | ??? ????# #### + / ???? # | | ??????????# #??# # #?????# # | | ??????????# #??# #? #?????# # | | ??????????# #?## ##?###########?????# # | | ??????????# #?# ################### # | | ??????????# #?# | | ??????????# #?# | | ??????????# ??# | | ??????????# ??# #################### | | ??????????# ??#######??????????????????# | | ??????????# ???????????????????????????# | | ??????????# ???????????????????????????# | | ?????????? ?????????????????????????? | | ??????????? ????????????????????????? | | ??????????????????????????????????????? | | ??????????????????????????????????????#### | | ?????????????????????????????????????????# | | ?????????????????????????????????????????# | | ?????????????????????????????????????????# | | ?????????????????????????????????????????# | | ?????????????????????????????????????????? | | ?????????????????????????????????????????? | | ??????????????????????????????????????????? | | ??????????????????????????????????????????? | +----------------------------------------------------+ Best States ------------- Heat Dissipation 35 Energy Generation 10 Energy Capacity 250 Matter Stores 300 Matter Capacity 300 Sight Range 16 Terrain Scan Range 14 Terrain Scan Density 10 Armor Coverage 150 Evasion (%) 50 Item Schematics ----------------- None Robot Schematics ------------------ None Fabricated ------------ Nothing Alien Tech Used ----------------- None Achievements -------------- None Challenges ------------ None Game ------ Seed AutogunThermalFalx Manual? 0 Play Time 00:12:58 Cumulative 0.4 hours Start 2024.10.30 @ 16:25:18 End 2024.10.30 @ 16:36:27 Sessions 1 Manual Loads 0 Difficulty Rogue Special Mode None Game No. 2 Rogue 2 Adventurer 0 Explorer 0 Win Type - Total 0 Types 0/0/0/0/0/0/0/0/0 Lore% 0 Gallery% 1 Achievement% 0 Wizard Run 0 Options --------- Layout 1 ASCII 0 Keyboard 0 Movement Numpad Keybinds 0 Fullscreen 1 Font 24/Proggy Map View 50x35 Zoom Use 0% Tactical HUD 0 Map Filters NONE Filters NONE Steam 1 RUN: 57c74178-0729-49cf-8df3-8a97d6e787ab